 Dungeon Crawl Stone Soup version 0.31-a0-1074-g0b22e4e0f1 (webtiles) character file.

Game seed: 16749511206249601718

3409 lunkers the Martial Artist (level 10, -2/77 HPs)
             Began as a Meteoran Shapeshifter on Nov 29, 2023.
             Was an Initiate of Ru.
             Slain by an orc
             ... wielding a +2 dagger of electrocution
              (20 damage)
             ... on level 9 of the Dungeon.
             The game lasted 00:17:18 (4038 turns).

lunkers the Martial Artist (Meteoran Shapeshifter)  Turns: 4038, Time: 00:17:19

Health: -2/77      AC:  5    Str: 17    XL:     10   Next: 48%
Magic:  20/20      EV: 13    Int: 11    God:    Ru [......]
Gold:   394        SH:  0    Dex: 18    Spells: 9/9 levels left

rFire   . .          .
                       - Unarmed
rCold   . . .        (shield currently unavailable)
rNeg    . . .        e - +0 troll leather armour
rPois   .            (no helmet)
rElec   .            (no cloak)
rCorr   .            t - +0 pair of gloves
SInv    .            r - +0 pair of boots
Will    +....        q - amulet of magic regeneration
Stlth   +            j - ring of wizardry
HPRegen 1.12/turn    v - ring of magical power
MPRegen 0.57/turn

%: wizardry (x1)
@: flux-form, glowing
A: glow, contaminating, sense surroundings 2, disrupted magic 1, otherworldly,
glowing, explore regen
a: Begin Untransformation, Renounce Religion


You were on level 9 of the Dungeon.
You worshipped Ru.
Ru was noncommittal.
You were something dangerously unstable.
You visited 2 branches of the dungeon, and saw 10 of its levels.
You also visited: Sewer.

You collected 394 gold pieces.

Inventory:

Hand Weapons
 n - a +7 dire flail of protection
Missiles
 h - 2 curare-tipped darts
Armour
 e - a +0 troll leather armour (worn)
 r - a +0 pair of boots (worn)
 t - a +0 pair of gloves (worn)
 y - a +0 buckler
 B - +0 steam dragon scales
Jewellery
 j - a ring of wizardry (left hand)
 q - an amulet of magic regeneration (around neck)
 v - a ring of magical power (right hand)
Talismans
 c - a beast talisman
 d - a flux talisman (active)
Wands
 a - a wand of polymorph (9)
 f - a wand of flame (4)
 k - a wand of roots (1)
 C - a wand of paralysis (12)
Scrolls
 g - a scroll of immolation
 i - a scroll of poison
 m - 3 scrolls of teleportation
Potions
 b - 2 potions of brilliance
 l - 4 potions of heal wounds
 o - 5 potions of curing
 p - 3 potions of invisibility
 u - 4 potions of ambrosia
 w - 2 potions of haste
 z - a potion of attraction
 A - a potion of cancellation


   Skills:
 + Level 3.2 Fighting
 + Level 3.7 Dodging
 * Level 13.3 Unarmed Combat
 + Level 9.2 Shapeshifting


You had 9 spell levels left.
You didn't know any spells.
Your spell library contained the following spells:

 Spells                   Type           Power      Damage    Failure   Level
 Ensorcelled Hibernation  Hex/Ice        0%         N/A       32%         2
 Jinxbite                 Hex            0%         N/A       32%         2
 Sublimation of Blood     Necr           0%         N/A       32%         2
 Wereblood                Tmut           0%         N/A       32%         2
 Anguish                  Hex/Necr       0%         N/A       87%         4
 Petrify                  Tmut/Erth      0%         N/A       87%         4
 Irradiate                Conj/Tmut      0%         3d11      99%         5


Dungeon Overview and Level Annotations

Branches:
Dungeon (9/15) Zot: 1807   Temple (1/1) D:6 Zot: 529   Sewer (visited)
   Lair: D:8-11         Orc: D:9-12

Altars:
Ashenzari
Cheibriados
Dithmenos
Elyvilon
Fedhas
Gozag
Hepliaklqana
Kikubaaqudgha
Makhleb
Qazlal
Ru
Sif Muna
Trog
Uskayaw
Wu Jian
Xom
The Shining One

Shops:
D:4 (

Annotations:
D:9 1 runed translucent door


Innate Abilities, Weirdness & Mutations

You are something dangerously unstable.
You glow with magical radiation, making you easy to see and hit.
Foes you strike become dangerously contaminated with magical radiation.
You are incapable of wielding weapons or throwing items.
You passively map the area around you.
Your casting is slightly disrupted.
You are easily found by Zot.
You glow in the dark.
You regain HP and MP as you explore.


Message History

You kill the orc priest!
You hit the yak but do no damage.
The yak begins to glow.
The yak barely misses you.
Okay, then.
You hit the yak.
The yak glows dangerously bright.
The yak is lightly wounded.
You punch the yak!
The yak shudders as magic cascades through it.
The yak twists and deforms.
The yak is heavily wounded.
The yak closely misses you.
You punch the yak!
The yak begins to glow.
The yak is severely wounded.
The yak gores you but does no damage.
You punch the yak!
The yak glows dangerously bright.
The yak is almost dead.
The yak gores you but does no damage.
You hit the yak.
You kill the yak!
Your Fighting skill increases to level 3!
You hit the yak.
The yak begins to glow.
The yak is lightly wounded.
The yak gores you!
* * * LOW HITPOINT WARNING * * *
You hit the yak.
The yak glows dangerously bright.
The yak is moderately wounded.
The yak closely misses you.
You completely miss the yak.
The yak is moderately wounded.
The yak misses you.
You hit the yak.
The yak shudders as magic cascades through it!!
You kill the yak!
The orc closely misses you.
You hit the orc.
The orc begins to glow.
The orc is moderately wounded.
The orc hits you with a +2 dagger of electrocution.
* * * LOW HITPOINT WARNING * * *
You are electrocuted!!
You die...

#..# #..........
....... #.# #.........#
#...### ** #.
#.........###.#...###
,.,
#.................... ,
*
#....................,
, ##.>.......#.........
,, #...#######.#.......
* , ###..#####
##.........
#....op..###.†.#######
#....###.......########
,
#######................
* ,*
**###.##......##.....
....###...######... ,
**#........#.#..#.#.. ,
, #####.#..##.##.##.. *
#...##.#.|#.##. *
#.#.##.#.)#.##.


You could see an orc (contam).

Vanquished Creatures
  A troll (D:9)
  3 yaks (D:9)
  A steam dragon (D:7)
  Edmund (D:5)
  Duvessa (D:5)
  A water moccasin (D:7)
  An orc warrior (D:9)
  An ice beast (D:3)
  A sky beast (D:5)
  3 black bears
  3 centaurs
  2 phantoms
  A kobold brigand (D:8)
  A lemure (D:6)
  3 bullfrogs
  A gnoll sergeant (D:6)
  2 scorpions
  Dowan (D:5)
  A howler monkey (D:5)
  A quasit (D:5)
  5 hounds
  3 orc priests
  4 sleepcaps
  4 iguanas
  An orc wizard (D:3)
  8 gnolls
  5 adders
  7 river rats
  4 shadow imps (D:5)
  A white imp (D:5)
  An ufetubus (D:5)
  A worm (D:6)
  2 dart slugs
  14 orcs
  2 endoplasms (D:3)
  4 giant cockroaches
  6 goblins
  4 hobgoblins
  5 jackals
  2 quokkas
  18 ball pythons
  A bat (D:3)
  6 frilled lizards
  13 kobolds
  25 rats
176 creatures vanquished.

Notes
Turn   | Place    | Note
-------+----------+-------------------------------------------
     0 | D:1      | lunkers the Meteoran Shapeshifter began the quest for the
                  | Orb.
     0 | D:1      | Reached XP level 1. HP: 16/16 MP: 2/2
    59 | D:1      | Reached XP level 2. HP: 14/23 MP: 3/3
   115 | D:1      | Reached skill level 4 in Unarmed Combat
   238 | D:1      | Reached XP level 3. HP: 28/28 MP: 4/4
   559 | D:2      | Reached XP level 4. HP: 25/35 MP: 5/5
   561 | D:2      | Reached skill level 5 in Unarmed Combat
   567 | D:2      | Found a faded altar of an unknown god.
   906 | D:3      | Reached XP level 5. HP: 40/40 MP: 6/6
   974 | D:3      | Noticed an ice beast
   984 | D:3      | Killed an ice beast
   985 | D:3      | Reached skill level 6 in Unarmed Combat
   985 | D:3      | Reached XP level 6. HP: 24/47 MP: 7/7
  1203 | D:3      | Reached skill level 5 in Shapeshifting
  1629 | D:4      | Reached skill level 7 in Unarmed Combat
  1681 | D:4      | Reached XP level 7. HP: 52/52 MP: 8/8
  1823 | D:4      | Found Fashiniu's Weapon Emporium.
  1862 | D:5      | Entered Level 5 of the Dungeon
  1888 | D:5      | Found a stormy altar of Qazlal.
  1899 | D:5      | Reached skill level 8 in Unarmed Combat
  1904 | D:5      | Reached XP level 8. HP: 13/59 MP: 9/9
  1927 | D:5      | Noticed Edmund
  1952 | D:5      | Killed Edmund
  1953 | D:5      | Reached skill level 9 in Unarmed Combat
  2000 | D:5      | Found a shimmering blue altar of Sif Muna.
  2104 | D:5      | Noticed Duvessa
  2105 | D:5      | Noticed Dowan
  2121 | D:5      | Killed Duvessa
  2132 | D:5      | Killed Dowan
  2133 | D:5      | Reached skill level 10 in Unarmed Combat
  2164 | D:5      | Gained mutation: You passively map the area around you.
                  | [Meteoran growth]
  2164 | D:5      | Reached XP level 9. HP: 8/64 MP: 10/10
  2223 | D:5      | HP: 2/64 [iguana (8)]
  2444 | D:6      | Reached skill level 11 in Unarmed Combat
  2522 | D:6      | Found a glowing drain.
  2549 | Sewer    | Entered a sewer
  2945 | D:6      | Found a staircase to the Ecumenical Temple.
  2959 | Temple   | Entered the Ecumenical Temple
  3001 | Temple   | Became a worshipper of Ru the Awakened
  3069 | D:6      | Reached skill level 12 in Unarmed Combat
  3350 | D:7      | Reached XP level 10. HP: 62/71 MP: 11/11
  3776 | D:8      | Gained mutation: Your casting is slightly disrupted. [Ru
                  | sacrifice]
  3948 | D:9      | Found a runed translucent gate.
  4011 | D:9      | Reached skill level 13 in Unarmed Combat
  4038 | D:9      | Slain by an orc

Illustrated notes

Levels and vault maps discovered:
D:1:      dpeg_arrival_solitude, layout_rooms, chequers_garden
D:2:      layout_loops_ring, serial_forest, infiniplex_forest_clump_curved,
          infiniplex_forest_corner_2, infiniplex_forest_corner_1,
          infiniplex_forest_lined_room_3, infiniplex_forest_clump_cross,
          hellmonk_ecumenical_altar_crossroads, uniq_robin
D:3:      layout_loops_corners
D:4:      layout_basic, serial_shops, nicolae_shop_bloodbath_and_beyond
D:5:      layout_basic, nicolae_qazlal_beasts_of_the_sky,
          mainiacjoe_overflow_brackets, serial_demonic, serial_demonic_g,
          serial_demonic_b, serial_demonic_e, serial_demonic_g,
          serial_demonic_f, uniq_edmund, uniq_duvessa
D:6:      layout_basic, minitemple, minmay_temple_entry_offerings,
          portal_sewer_entry_c, due_unseen_surprise, uniq_pikel
D:7:      layout_loops_corners, nemelex_dance_club_becter, serial_park_tiny_pond
D:8:      layout_cave_pods, okawaru_gym_becter, dpeg_lair_monsters, uniq_erica
D:9:      layout_rooms, gammafunk_ghost_hydra_chop, minivault_22,
          hangedman_abyss_or_decor_slice
Temple:   nicolae_temple_bog_church

Skill      XL: |  1  2  3  4  5  6  7  8  9 10 |
---------------+-------------------------------+-----
Unarmed Combat | 4 5 6 7 8 10 12 13 | 13.3
Shapeshifting  | 4 5 6 7 8 9 |  9.2
Fighting       | 3 |  3.2
Dodging        | 3 |  3.7

Action                     |  1- 3 |  4- 6 |  7- 9 | 10-12 || total
---------------------------+-------+-------+-------+-------++-------
  Melee: Unarmed           |    71 |    59 |   341 |    62 ||   533
         Punch             |     1 |     6 |    16 |       ||    23
 Invoke: Sacrifice Essence |       |       |       |     1 ||     1
  Evoke: Wand              |       |       |     7 |       ||     7
    Use: Scroll            |     1 |     6 |     8 |     2 ||    17
         Potion            |       |       |     1 |       ||     1
 Armour: Animal skin       |     8 |       |       |       ||     8
         Ring mail         |    21 |    30 |   252 |       ||   303
         Skin              |       |       |    78 |       ||    78
         Steam dragon scal |       |       |       |    25 ||    25
         Troll leather arm |       |       |       |    14 ||    14
  Dodge: Dodged            |    35 |    35 |   203 |    38 ||   311
   Form: Flux              |       |       |     1 |       ||     1

Table legend: (Time is in decaauts)
 A = Elapsed time spent in this place.
 B = Non-inter-level travel time spent in this place.
 C = Inter-level travel time spent in this place.
 D = Time resting spent in this place.
 E = Time spent auto-exploring this place.
 F = Levels seen in this place.
 G = Mean time per level.
                   A        B        C        D        E       F      G
               +--------+--------+--------+--------+--------+-----+--------+
         Total |   3991 |   3924 |     67 |     33 |   2390 |  11 |  362.8 |
       Dungeon |   3591 |   3524 |     67 |      0 |   2270 |   9 |  399.0 |
        Temple |     70 |     70 |      0 |      0 |      0 |   1 |   70.0 |
         Sewer |    328 |    328 |      0 |     33 |    120 |   1 |  328.0 |
               +--------+--------+--------+--------+--------+-----+--------+

Top non-repeatable levels by time:
     D:3: 816 daAuts
     D:7: 432 daAuts
     D:6: 421 daAuts
     D:2: 417 daAuts
     D:5: 396 daAuts
     D:8: 329 daAuts
     D:4: 329 daAuts
   Sewer: 328 daAuts
     D:1: 281 daAuts
     D:9: 165 daAuts
  Temple: 70 daAuts
